 Dungeon Crawl Stone Soup version 0.20.1-1-g8b1a95d (webtiles) character file.

615 nightbobicus the Skirmisher (level 7, -3/64 HPs)
             Began as a Hill Orc Fighter on Aug 10, 2017.
             Was an Initiate of Beogh.
             Slain by Grinder (5 damage)
             ... while paralysed by Grinder
             ... on level 5 of the Dungeon.
             The game lasted 00:08:43 (2868 turns).

nightbobicus the Skirmisher (Hill Orc Fighter)      Turns: 2868, Time: 00:08:44

Health: -3/64      AC: 10    Str: 21    XL:     7   Next: 45%
Magic:  7/7        EV:  2    Int:  6    God:    Beogh [......]
Gold:   180        SH:  0    Dex:  8    Spells: 6/6 levels left

rFire    . . .     SeeInvis .   a - +1 flail
rCold    . . .     Gourm    .   c - +0 shield
rNeg     . . .     Faith    .   o - -1 chain mail (curse)
rPois    .         Spirit   .   (helmet restricted)
rElec    .         Reflect  .   (no cloak)
rCorr    .         Harm     .   n - +0 pair of gloves
MR       .....     Rnd*Tele +   (no boots)
Stlth    ..........             (no amulet)
Regen    0.2/turn               e - ring of teleportation (curse)
MPRegen  0.1/turn               (no ring)

@: paralysed, berserk cooldown, slowed
A: hooves 1, horns 1, clumsy 1, dopey 1, wild magic 1
a: Renounce Religion


You were on level 5 of the Dungeon.
You worshipped Beogh.
Beogh was noncommittal.
You were near starving.

You visited 1 branch of the dungeon, and saw 5 of its levels.

You collected 180 gold pieces.

Inventory:

Hand Weapons
 a - a +1 flail (weapon)
Missiles
 h - a throwing net (quivered)
Armour
 b - a +0 scale mail
 c - a +0 shield (worn)
 d - a +1 scale mail of poison resistance
 n - a +0 pair of gloves (worn)
 o - a cursed -1 chain mail (worn)
Jewellery
 e - a cursed ring of teleportation (left hand)
Wands
 q - a wand of random effects (27/48)
Scrolls
 s - a scroll of remove curse {unknown}
Potions
 g - a potion of haste {unknown}
 j - a potion of berserk rage
 m - a potion of flight
 r - a potion of resistance {unknown}
Comestibles
 f - 2 bread rations
 i - 2 fruits
 k - 2 royal jellies
 p - a meat ration


   Skills:
 + Level 6.3 Fighting
 * Level 4.8 Maces & Flails
 + Level 1.4 Throwing
 + Level 5.0 Armour
 + Level 4.8 Shields


You had 6 spell levels left.
You didn't know any spells.

Dungeon Overview and Level Annotations

Branches:
Dungeon (5/15)
 Temple: D:4-7

Altars:
Fedhas

Annotations:
D:5 Grinder


Innate Abilities, Weirdness & Mutations

You have large cloven feet.
You have a pair of small horns on your head.
You are clumsy. (Dex -2)
You are dopey. (Int -2)
Your spells are a little harder to cast, but a little more powerful.


Message History

Grinder gestures at you.
You suddenly lose the ability to move!
The adder zombie bites you but does no damage.
Grinder hits you but does no damage.
The adder zombie bites you but does no damage.
Grinder hits you.
* * * LOW HITPOINT WARNING * * *
You writhe in agony.
* * * LOW HITPOINT WARNING * * *
The adder zombie barely misses you.
The adder zombie bites you but does no damage.
Grinder hits you but does no damage.
The adder zombie bites you but does no damage.
Grinder completely misses you. The adder zombie bites you.
* * * LOW HITPOINT WARNING * * *
Grinder hits you.
* * * LOW HITPOINT WARNING * * *
You writhe in agony.
You die...

####.## # ## ####.......
#. ##. ##..........
#.##..##...........
##..................
#...................
#................
#.......Z@5......
##................
##.................
##.....†............ #.
#................$..
#.###...................
#.......................
........................
#.................


You could see Grinder (inner flame) and an adder zombie (inner flame).

Vanquished Creatures
  Sigmund (D:2)
  A sky beast (D:5)
  A scorpion (D:4)
  An orc priest (D:4)
  An orc wizard (D:4)
  Terence (D:2)
  A worker ant (D:4)
  3 gnolls (D:3)
  7 adders
  4 oozes
  An adder skeleton (D:4)
  3 worms
  2 dart slugs (D:1)
  3 leopard geckos
  5 orcs (D:4)
  5 giant cockroaches
  10 goblins
  5 hobgoblins
  3 jackals (D:1)
  2 quokkas
  5 ball pythons
  6 bats
  2 frilled lizards
  A jackal skeleton (D:4)
  5 kobolds
  A quokka skeleton (D:4)
  6 rats
86 creatures vanquished.

Vanquished Creatures (others)
  An orc wizard (D:4)
  2 orcs (D:4)
3 creatures vanquished.

Grand Total: 89 creatures vanquished

Notes
Turn   | Place    | Note
-------+----------+-------------------------------------------
     0 | D:1      | nightbobicus the Hill Orc Fighter began the quest for the Orb.
     0 | D:1      | Reached XP level 1. HP: 19/19 MP: 1/1
    15 | D:1      | Reached XP level 2. HP: 24/27 MP: 2/2
    40 | D:1      | Reached skill level 4 in Fighting
   252 | D:1      | Reached XP level 3. HP: 31/33 MP: 3/3
   663 | D:2      | Noticed Sigmund
   674 | D:2      | Killed Sigmund
   674 | D:2      | Reached skill level 5 in Fighting
   674 | D:2      | Reached XP level 4. HP: 42/42 MP: 4/4
   674 | D:2      | Reached XP level 5. HP: 48/48 MP: 5/5
   686 | D:2      | Noticed Terence
   691 | D:2      | Killed Terence
   691 | D:2      | Reached XP level 6. HP: 57/57 MP: 6/6
  1001 | D:3      | Gained mutation: Your body sometimes deteriorates upon taking damage. [potion of mutation]
  1001 | D:3      | Gained mutation: You are somewhat resistant to further mutation. [potion of mutation]
  1007 | D:3      | Lost mutation: Your body sometimes deteriorates upon taking damage. [potion of mutation]
  1007 | D:3      | Lost mutation: You are somewhat resistant to further mutation. [potion of mutation]
  1007 | D:3      | Gained mutation: You are weak. (Str -2) [potion of mutation]
  1007 | D:3      | Gained mutation: You are partially covered in iridescent scales. (AC +2) [potion of mutation]
  1007 | D:3      | Gained mutation: You are dopey. (Int -2) [potion of mutation]
  1007 | D:3      | Gained mutation: You have a somewhat thin skeletal structure. (Dex +2, Stealth) [potion of mutation]
  1664 | D:3      | Reached skill level 6 in Fighting
  2030 | D:4      | Became a worshipper of Beogh the Brigand
  2132 | D:4      | Lost mutation: You have a somewhat thin skeletal structure. (Dex +2, Stealth) [potion of mutation]
  2132 | D:4      | Lost mutation: You are weak. (Str -2) [potion of mutation]
  2132 | D:4      | Lost mutation: You are partially covered in iridescent scales. (AC +2) [potion of mutation]
  2132 | D:4      | Gained mutation: You have large cloven feet. [potion of mutation]
  2132 | D:4      | Gained mutation: You are clumsy. (Dex -2) [potion of mutation]
  2132 | D:4      | Gained mutation: Your spells are a little harder to cast, but a little more powerful. [potion of mutation]
  2132 | D:4      | Gained mutation: You have a pair of small horns on your head. [potion of mutation]
  2316 | D:4      | Reached skill level 1 in Throwing
  2414 | D:4      | Reached XP level 7. HP: 55/63 MP: 7/7
  2465 | D:4      | Found a blossoming altar of Fedhas.
  2815 | D:5      | Entered Level 5 of the Dungeon
  2838 | D:5      | Reached skill level 5 in Armour
  2839 | D:5      | Noticed Grinder
  2847 | D:5      | Paralysed by Grinder for 5 turns
  2864 | D:5      | Paralysed by Grinder for 7 turns
  2868 | D:5      | HP: 2/64 [Grinder (5)]
  2868 | D:5      | Slain by Grinder

Skill      XL: |  1  2  3  4  5  6  7 |
---------------+----------------------+-----
Fighting       | 4 5 6 |  6.3
Maces & Flails | 3 4 |  4.8
Armour         | 4 5 |  5.0
Shields        | 4 |  4.8
Throwing       | 1 |  1.4

Action                   |  1- 3 |  4- 6 |  7- 9 || total
-------------------------+-------+-------+-------++-------
Melee: Flail             |    84 |   206 |    36 ||   326
       Headbutt          |       |     3 |     6 ||     9
       Kick              |       |     2 |     9 ||    11
Invok: Convert to Beogh  |       |     1 |       ||     1
  Use: Potion            |     1 |     3 |     1 ||     5
       Scroll            |       |     9 |     1 ||    10
  Eat: Chunk             |       |     5 |       ||     5
Armor: Scale mail        |    57 |   126 |       ||   183
       Chain mail        |       |    36 |    32 ||    68
Dodge: Dodged            |    31 |    77 |     7 ||   115
Block: Shield            |    51 |   154 |    19 ||   224
